 Dungeon Crawl Stone Soup version 0.25-a0-1024-gbfbf38f2cb (webtiles) character file.

Game seed: 2674922619464694005, levelgen mode: deterministic

74 Flugslaktarn the Chopper (level 4, 0/31 HPs)
             Began as an Octopode Monk on May 12, 2020.
             Was an Initiate of Gozag.
             Slain by a worker ant (3 damage)
             ... on level 2 of the Dungeon.
             The game lasted 00:00:44 (1032 turns).

Flugslaktarn the Chopper (Octopode Monk)            Turns: 1032, Time: 00:00:45

Health: 0/31       AC:  1    Str: 10    XL:     4   Next: 28%
Magic:  4/4        EV: 15    Int: 12    God:    Gozag
Gold:   50         SH:  0    Dex: 15    Spells: 3/3 levels left

rFire    . . .     SeeInvis .   a - +0 hand axe
rCold    . . .     Gourm    .   (no shield)
rNeg     . . .     Faith    .   (helmet restricted)
rPois    .         Spirit   .   (no amulet)
rElec    .         Reflect  .   (no ring)
rCorr    .         Harm     .   (no ring)
MR       .....                  (no ring)
Stlth    +++.......             (no ring)
HPRegen  0.10/turn              (no ring)
MPRegen  0.09/turn              (no ring)
                                (no ring)
                                (no ring)

@: lethally poisoned (0 -> -4), hasted, very quick
A: almost no armour, stealthy swim, amphibious, 8 rings, constrict 8, camouflage
1, gelatinous body 1
a: Potion Petition, Call Merchant, Bribe Branch, Renounce Religion


You were on level 2 of the Dungeon.
You worshipped Gozag.
Gozag was noncommittal.
You were not hungry.

You visited 1 branch of the dungeon, and saw 2 of its levels.

You collected 50 gold pieces.

Inventory:

Hand Weapons
 a - a +0 hand axe (weapon)
Jewellery
 f - a cursed ring of teleportation {unknown}
   (You found it on level 1 of the Dungeon)
Scrolls
 b - a scroll of remove curse {unknown}
 c - a scroll of enchant armour {unknown}
 d - 3 scrolls of identify {unknown}
 g - a scroll of fog {unknown}
 j - 2 scrolls of enchant weapon {unknown}
Potions
 h - a potion of cancellation {unknown}
 i - a potion of stabbing {unknown}
 k - a potion of degeneration {unknown}
 l - a potion of ambrosia {unknown}
Comestibles
 e - 3 rations
 m - 8 chunks of flesh


   Skills:
 + Level 3.5 Fighting
 * Level 4.1 Axes
 + Level 3.6 Dodging
 - Level 2.6 Stealth


You had 3 spell levels left.
You didn't know any spells.
Your spell library was empty.

Dungeon Overview and Level Annotations

Branches:
Dungeon (2/15)

Altars:
Gozag


Innate Abilities, Weirdness & Mutations

You cannot wear most types of armour.
You are very stealthy in the water. (Stealth+)
You are amphibious.
You can wear up to eight rings at the same time.
You can use your tentacles to constrict eight enemies at once.
Your skin changes colour to match your surroundings (Stealth+).
Your rubbery body absorbs attacks. (AC +1, EV +1)


Message History

The worker ant bites you.
You are poisoned.
The worker ant poisons you!
You hit the worker ant but do no damage.
The worker ant is lightly wounded.
You constrict the worker ant.
You feel sick. The worker ant bites you!
* * * LOW HITPOINT WARNING * * *
You are too injured to fight recklessly!
You hit the worker ant but do no damage.
The worker ant is lightly wounded.
You constrict the worker ant, but do no damage.
The worker ant barely misses you.
Unknown command.
You hit the worker ant. You squeeze the worker ant!
The worker ant is severely wounded.
You constrict the worker ant.
* * * LOW HITPOINT WARNING * * *
You feel sick. The worker ant bites you.
You die...
Your body crumbles into a pile of gold.

#..........##.......# ....#
...........##.......# ....#
.........<.........# ....#
#...........))..).###....# .
#.........##.#######.....# ..
..##.........[......<÷)..# ...
#.....#...(......(÷###### ....
#.#...###a...............
.....##.#.....@.#....##...###(#
.............####.....((....# #
######$$.....# #.####.####(...
....###.$$......#
#.##.....##....
......$......##..##.#...)...#
... ......$......#
...#.#.......#....
...$.........# ........_.......
.............# .^.#.......#...
.............# ...#.......#...


You could see a worker ant.

Vanquished Creatures
  Jessica (D:2)
  An adder (D:2)
  A leopard gecko (D:2)
  3 giant cockroaches
  3 goblins
  6 hobgoblins
  6 jackals (D:2)
  5 kobolds
  4 frilled lizards
  3 rats
33 creatures vanquished.

Notes
Turn   | Place    | Note
-------+----------+-------------------------------------------
     0 | D:1      | Flugslaktarn the Octopode Monk began the quest for the Orb.
     0 | D:1      | Reached XP level 1. HP: 16/16 MP: 1/1
   416 | D:1      | Reached XP level 2. HP: 19/21 MP: 2/2
   634 | D:2      | Reached XP level 3. HP: 12/26 MP: 3/3
   636 | D:2      | Found an opulent altar of Gozag.
   894 | D:2      | Noticed Jessica
   903 | D:2      | Killed Jessica
   903 | D:2      | Reached XP level 4. HP: 27/31 MP: 4/4
   908 | D:2      | Reached skill level 4 in Axes
   930 | D:2      | Became a worshipper of Gozag Ym Sagoz the Greedy
  1022 | D:2      | HP: 1/31 [rat (2)]
  1032 | D:2      | Slain by a worker ant

Illustrated notes

Levels and vault maps discovered:
D:1:      beargit_arrival_greenhouse, layout_loops_ring, minmay_tall_x
D:2:      layout_rooms, old_standard_altar, lemuel_coloured_pillars_altar,
          minmay_pentomino_s4, uniq_jessica

Skill      XL: |  1  2  3  4 |
---------------+-------------+-----
Axes           | 4 |  4.1
Fighting       | |  3.5
Dodging        | |  3.6
Stealth        | |  2.6

Action                   |  1- 3 |  4- 6 || total
-------------------------+-------+-------++-------
Melee: Hand axe          |    43 |    19 ||    62
       Constrict         |    11 |     7 ||    18
       Tentacles         |     7 |     4 ||    11
Invok: Potion Petition   |       |     1 ||     1
 Stab: Sleeping          |     3 |       ||     3
Armor: Skin              |     4 |     1 ||     5
Dodge: Dodged            |    44 |     6 ||    50

Table legend:
 A = Non-vault XP
 B = Vault XP
 C = Vault XP percentage of total XP
 D = Non-vault monster count
 E = Vault monster count
 F = Vault count percentage of total count
                 A         B        C        D         E       F
            +---------+---------+-------+---------+---------+-------
      Total |      62 |      44 |  41.5 |      28 |       5 |  15.2
            +---------+---------+-------+---------+---------+-------
        D:1 |      15 |       7 |  31.8 |       9 |       4 |  30.8
        D:2 |      47 |      37 |  44.0 |      19 |       1 |   5.0
            +---------+---------+-------+---------+---------+-------
